 Dungeon Crawl Stone Soup version 0.22.1-6-g1668fe2 (webtiles) character file.

1777 infcreate the Thaumaturge (level 8, -8/41 HPs)
             Began as a Deep Elf Conjurer on Jan 18, 2019.
             Mangled by an orc warrior
             ... wielding a +0 war axe
              (20 damage)
             ... on level 5 of the Dungeon.
             The game lasted 00:28:02 (5393 turns).

infcreate the Thaumaturge (Deep Elf Conjurer)       Turns: 5393, Time: 00:28:04

Health: -8/41      AC:  3    Str:  5    XL:     8   Next: 81%
Magic:  3/24       EV: 14    Int: 23    God:
Gold:   171        SH:  0    Dex: 15    Spells: 9/27 levels left

rFire    . . .     SeeInvis .   (no weapon)
rCold    . . .     Gourm    .   (no shield)
rNeg     . . .     Faith    .   a - +0 robe
rPois    .         Spirit   .   j - +0 helmet
rElec    .         Reflect  .   (no cloak)
rCorr    .         Harm     .   (no gloves)
MR       .....                  (no boots)
Stlth    +++.......             (no amulet)
HPRegen  0.13/turn              (no ring)
MPRegen  0.19/turn              (no ring)

@: lethally poisoned (-8 -> -11)
A: no striking features
a: no special abilities


You were on level 5 of the Dungeon.
You were not hungry.

You visited 1 branch of the dungeon, and saw 5 of its levels.
You also visited: Ossuary.

You collected 171 gold pieces.

Inventory:

Armour
 a - a +0 robe (worn)
 j - a +0 helmet (worn)
Jewellery
 p - an uncursed ring of poison resistance {unknown}
Scrolls
 e - 2 scrolls of remove curse
 f - 3 scrolls of immolation
 i - 3 scrolls of teleportation
 k - a scroll of identify
 l - a scroll of amnesia {unknown}
 m - a scroll of fog {unknown}
 o - a scroll of fear {unknown}
Potions
 b - 2 potions of lignification
 d - 3 potions of heal wounds
 g - a potion of degeneration {unknown}
 h - 2 potions of haste {unknown}
 n - 3 potions of flight {unknown}
 q - 2 potions of ambrosia {unknown}
 r - 2 potions of berserk rage {unknown}
Comestibles
 c - 10 rations


   Skills:
 + Level 3.5 Dodging
 + Level 4.4 Stealth
 + Level 10.2 Spellcasting
 + Level 9.5 Conjurations


You had 9 spell levels left.
You knew the following spells:

 Your Spells              Type           Power        Failure   Level  Hunger
a - Magic Dart            Conj           ####         1%          1    None
b - Searing Ray           Conj           ######       1%          2    None
c - Dazzling Spray        Conj/Hex       ####..       2%          3    None
d - Iskenderun's Mystic   Conj           ######..     1%          4    #......
e - Force Lance           Conj/Tloc      ####....     8%          4    #......
f - Fulminant Prism       Conj/Hex       ####......   8%          4    #......

Your spell library contained the following spells:

 Spells                   Type           Power        Failure   Level  Hunger
 Confusing Touch          Hex            ##....       5%          1    None
 Confuse                  Hex            ##......     17%         3    None
 Gell's Gravitas          Tloc           ##........   17%         3    None
 Petrify                  Tmut/Erth      ##......     50%         4    #......
 Metabolic Englaciation   Hex/Ice        ##........   83%         5    ####...
 Yara's Violent Unravell  Hex/Tmut       ##........   83%         5    ####...


Dungeon Overview and Level Annotations

Branches:
Dungeon (5/15)
 Temple: D:4-7

Altars:
Makhleb
Nemelex Xobeh
Okawaru
Qazlal
Ru
Trog
Zin


Message History

Aiming: Searing Ray (safe; 1% risk of failure)
Press: ? - help, Shift-Dir - straight line, f - orc, p - orc warrior
Aim: an orc The searing ray hits the worker ant.
The worker ant is lightly wounded. (Press . to maintain the ray.)
The worker ant misses you.
The searing ray hits the worker ant.
The worker ant is moderately wounded.
The worker ant bites you. The worker ant closely misses you.
The searing ray hits the worker ant.
You kill the worker ant!
You feel sick.
The searing ray misses the orc warrior.
The searing ray hits the orc.
You kill the orc!
The searing ray hits the adder.
You kill the adder!
You finish channeling your searing ray.
The orc warrior hits you with a war axe!!
You die...

#......# #......# #......#
#......# #####'######
#........# #......#.#
#........# ########@# *******
#o#*********≈≈≈≈≈≈
#!#*,,,,,*≈≈≈≈≈≈≈≈
**#########.#*,,,,,,,≈≈,≈≈≈≈
***,..........#*,,,,,,,,,,,≈,≈
*,,,........###*,,,,,,,,,,,,,,
*,*,######..),,,,≈*≈≈≈,,,,,,,,
*,*,,,,,......,,≈≈≈≈≈≈≈≈≈≈≈≈,≈
*,*,,,,.#......≈≈≈≈≈≈≈≈≈≈≈≈≈≈≈


You could see an orc warrior.

Vanquished Creatures
  Grinder (D:3)
  Sigmund (D:2)
  Menkaure (D:5)
  Purgy (D:3)
  A necrophage (D:3)
  An ogre (D:4)
  2 elf zombies (Ossuary)
  A scorpion (D:4)
  2 crimson imps (D:5)
  A howler monkey (D:4)
  A bullfrog zombie (D:5)
  2 hounds (D:4)
  2 centaur zombies (Ossuary)
  An orc priest (D:5)
  2 orc wizards (D:5)
  Jessica (D:3)
  4 worker ants
  3 big kobold zombies (Ossuary)
  2 hound skeletons (D:5)
  2 mummies (Ossuary)
  A worker ant zombie (D:5)
  A howler monkey skeleton (D:4)
  8 adders
  2 oozes
  3 adder zombies (Ossuary)
  An adder skeleton (D:4)
  4 worms
  4 dart slugs
  3 leopard geckos
  22 orcs
  5 giant cockroaches
  11 goblins
  8 hobgoblins
  8 jackals
  13 kobolds
  4 quokkas
  A ball python (D:3)
  3 bats
  5 frilled lizards
  7 hobgoblin zombies (Ossuary)
  13 kobold zombies (Ossuary)
  2 leopard gecko skeletons
  5 orc zombies (Ossuary)
  8 rats
  2 rat zombies (Ossuary)
176 creatures vanquished.

Notes
Turn   | Place    | Note
-------+----------+-------------------------------------------
     0 | D:1      | infcreate the Deep Elf Conjurer began the quest for the
                  | Orb.
     0 | D:1      | Reached XP level 1. HP: 10/10 MP: 6/6
   264 | D:1      | Reached XP level 2. HP: 15/15 MP: 5/8
   268 | D:1      | Learned a level 2 spell: Searing Ray
   457 | D:1      | Reached skill level 5 in Conjurations
   856 | D:2      | Reached XP level 3. HP: 19/19 MP: 4/9
   861 | D:2      | Learned a level 3 spell: Dazzling Spray
   861 | D:2      | Noticed Sigmund
   904 | D:2      | Killed Sigmund
   904 | D:2      | Reached skill level 4 in Spellcasting
   904 | D:2      | Reached XP level 4. HP: 16/24 MP: 2/12
   904 | D:2      | Reached XP level 5. HP: 19/28 MP: 2/13
   969 | D:2      | Noticed an Executioner
   970 | D:2      | Found a burning altar of Makhleb.
   974 | D:2      | Found a glowing silver altar of Zin.
   974 | D:2      | Noticed an angel
  1003 | D:2      | Learned a level 4 spell: Iskenderun's Mystic Blast
  1513 | D:2      | Found an iron altar of Okawaru.
  1521 | D:2      | Found a stormy altar of Qazlal.
  1834 | D:3      | Noticed Jessica
  1836 | D:3      | Killed Jessica
  1836 | D:3      | Reached XP level 6. HP: 29/32 MP: 9/15
  1934 | D:3      | Reached skill level 5 in Spellcasting
  1935 | D:3      | Noticed Grinder
  1940 | D:3      | Killed Grinder
  1940 | D:3      | Reached skill level 6 in Spellcasting
  2136 | D:3      | Reached XP level 7. HP: 36/36 MP: 10/19
  2271 | D:3      | Found a sacrificial altar of Ru.
  2291 | D:3      | Noticed Purgy
  2295 | D:3      | Killed Purgy
  2295 | D:3      | Reached skill level 7 in Spellcasting
  3222 | D:4      | Reached skill level 8 in Spellcasting
  3589 | D:4      | Reached XP level 8. HP: 41/41 MP: 15/22
  3649 | D:4      | Found an iron altar of Okawaru.
  3691 | D:4      | Found a sparkling altar of Nemelex Xobeh.
  3746 | D:5      | Entered Level 5 of the Dungeon
  3931 | D:5      | Found a sand-covered staircase.
  3936 | Ossuary  | Entered an ossuary
  4211 | Ossuary  | Learned a level 4 spell: Force Lance
  4216 | Ossuary  | Learned a level 4 spell: Fulminant Prism
  4273 | Ossuary  | Reached skill level 9 in Spellcasting
  5136 | D:5      | Noticed a moth of wrath
  5150 | D:5      | Found a bloodstained altar of Trog.
  5355 | D:5      | Noticed Menkaure
  5357 | D:5      | Killed Menkaure
  5357 | D:5      | Reached skill level 10 in Spellcasting
  5393 | D:5      | Mangled by an orc warrior

Skill      XL: |  1  2  3  4  5  6  7  8 |
---------------+-------------------------+-----
Conjurations   | 5 6 7 8 9 |  9.5
Stealth        | 3 4 |  4.4
Spellcasting   | 4 6 8 10 | 10.2
Dodging        | 3 |  3.5

Action                   |  1- 3 |  4- 6 |  7- 9 || total
-------------------------+-------+-------+-------++-------
Melee: Unarmed           |       |       |     2 ||     2
 Cast: Magic Dart        |    45 |    69 |   199 ||   313
       Searing Ray       |     2 |     3 |    22 ||    27
       Iskenderun's Myst |       |     5 |    26 ||    31
  Use: Scroll            |       |       |     6 ||     6
  Eat: Chunk             |       |     4 |     8 ||    12
       Ration            |       |       |     1 ||     1
Armor: Robe              |       |       |    13 ||    13
Dodge: Dodged            |     4 |    10 |    62 ||    76
